 Dungeon Crawl Stone Soup version 0.25.1-9-gc5326a611f (webtiles) character file.

Game seed: 779744241117214403

464 Fortress the Chiller (level 6, -19/32 HPs)
             Began as a Deep Elf Ice Elementalist on Dec 28, 2020.
             Demolished by Menkaure (22 damage)
             ... on level 4 of the Dungeon.
             The game lasted 00:07:25 (3591 turns).

Fortress the Chiller (Deep Elf Ice Elementalist)    Turns: 3591, Time: 00:07:26

Health: -19/32     AC:  3    Str:  5    XL:     6   Next: 80%
Magic:  10/17      EV: 17    Int: 22    God:
Gold:   125        SH:  0    Dex: 15    Spells: 11/18 levels left

rFire    + . .     SeeInvis .   f - +1 dagger
rCold    x . .     Gourm    .   (no shield)
rNeg     . . .     Faith    +   a - +1 robe
rPois    .         Spirit   .   (no helmet)
rElec    .         Reflect  .   (no cloak)
rCorr    .         Harm     .   (no gloves)
MR       .....                  (no boots)
Stlth    ++........             p - amulet of faith
HPRegen  0.10/turn              i - +4 ring of evasion
MPRegen  0.15/turn              s - ring of fire

@: frozen ramparts
A: no striking features
a: no special abilities


You were on level 4 of the Dungeon.
You were not hungry.

You visited 1 branch of the dungeon, and saw 4 of its levels.

You collected 125 gold pieces.

Inventory:

Hand Weapons
 f - a +1 dagger (weapon)
Missiles
 o - 20 poisoned darts (quivered)
Armour
 a - a +1 robe (worn)
Jewellery
 i - a +4 ring of evasion (left hand)
 p - an amulet of faith (around neck)
 s - a ring of fire (right hand)
Wands
 t - a wand of disintegration (16)
Scrolls
 b - a scroll of enchant armour
 j - 2 scrolls of identify
 l - a scroll of immolation
 m - 2 scrolls of teleportation
 r - a scroll of fear
Potions
 e - 3 potions of lignification
 g - a potion of mutation {unknown}
 h - a potion of heal wounds {unknown}
 k - 2 potions of curing {unknown}
 n - a potion of haste {unknown}
 q - 2 potions of stabbing {unknown}
 u - a potion of brilliance {unknown}
Comestibles
 c - 9 rations
 d - 4 chunks of flesh


   Skills:
 + Level 3.3 Dodging
 - Level 2.5 Stealth
 + Level 6.7 Spellcasting
 + Level 7.1 Ice Magic


You had 11 spell levels left.
You knew the following spells:

 Your Spells              Type           Power        Failure   Level  Hunger
a - Freeze                Ice            ####         1%          1    None
b - Frozen Ramparts       Ice            #####.       1%          3    #......
c - Ozocubu's Armour      Chrm/Ice       ###.....     6%          3    #......

Your spell library contained the following spells:

 Spells                   Type           Power        Failure   Level  Hunger
 Hailstorm                Conj/Ice       ###.....     21%         4    ###....
 Summon Ice Beast         Ice/Summ       ###.....     21%         4    ###....


Dungeon Overview and Level Annotations

Branches:
Dungeon (4/15)
 Temple: D:4-7

Altars:
Gozag
Hepliaklqana

Annotations:
D:2 Sigmund
D:4 Menkaure


Message History

Aiming: Freeze (safe; 1% risk of failure)
Press: ? - help, Shift-Dir - straight line, f/p - Menkaure
Aim: Menkaure (heavily damaged, fast) Menkaure resists.
You freeze Menkaure.
Menkaure is severely damaged.
Menkaure resists.
The wall freezes Menkaure.
Menkaure calls on the powers of darkness!
Your body is wracked with pain!
* * * LOW HITPOINT WARNING * * *
Unknown command.
Casting: Freeze (safe; 1% risk of failure)
Confirm with . or Enter, or press ? or * to list all spells.
Aiming: Freeze (safe; 1% risk of failure)
Press: ? - help, Shift-Dir - straight line, f/p - Menkaure
Aim: Menkaure (severely damaged, fast) Menkaure resists.
You freeze Menkaure.
Menkaure is almost destroyed.
Menkaure resists.
The wall freezes Menkaure.
Menkaure hits you!!
Ouch! That really hurt!
You die...

... #....######.. ...#
#....รท....... ...##
##......######
#...####.....### #
##...#......## #
###...........# #
##............## ###
.....>.........#######..
......M@................
..########.............#
####...).....#####
#......).....#####
...................
..................#
#...............###
................#
........##.....##


You could see Menkaure (fast).

Vanquished Creatures
  An ogre (D:4)
  An orc priest (D:4)
  5 orc wizards
  Natasha (twice) (D:3)
  3 gnolls (D:3)
  5 adders (D:2)
  An ooze (D:4)
  3 worms
  A dart slug (D:2)
  A leopard gecko (D:1)
  3 orcs (D:3)
  2 ball pythons
  5 bats
  6 giant cockroaches
  13 goblins
  6 hobgoblins
  4 jackals (D:2)
  9 kobolds
  3 quokkas
  3 frilled lizards
  7 rats
84 creatures vanquished.

Notes
Turn   | Place    | Note
-------+----------+-------------------------------------------
     0 | D:1      | Fortress the Deep Elf Ice Elementalist began the quest for
                  | the Orb.
     0 | D:1      | Reached XP level 1. HP: 10/10 MP: 6/6
   179 | D:1      | Reached XP level 2. HP: 12/15 MP: 6/8
   448 | D:1      | Reached skill level 5 in Ice Magic
   717 | D:2      | Reached XP level 3. HP: 14/19 MP: 6/9
   999 | D:2      | Found an opulent altar of Gozag.
  1304 | D:2      | Reached XP level 4. HP: 24/24 MP: 7/12
  1529 | D:2      | Noticed Sigmund
  1956 | D:3      | Reached skill level 5 in Spellcasting
  1956 | D:3      | Reached skill level 6 in Ice Magic
  1956 | D:3      | Reached XP level 5. HP: 18/28 MP: 5/14
  2073 | D:3      | Found a hazy altar of Hepliaklqana.
  2341 | D:3      | Noticed Natasha
  2346 | D:3      | Killed Natasha
  2893 | D:3      | Noticed Natasha
  2904 | D:3      | Killed Natasha
  2904 | D:3      | Reached XP level 6. HP: 24/32 MP: 11/16
  3217 | D:4      | Learned a level 3 spell: Frozen Ramparts
  3221 | D:4      | Learned a level 3 spell: Ozocubu's Armour
  3239 | D:4      | Reached skill level 7 in Ice Magic
  3580 | D:4      | Noticed Menkaure
  3591 | D:4      | Demolished by Menkaure

Illustrated notes

Levels and vault maps discovered:
D:1:      dpeg_arrival_shelter, layout_rooms
D:2:      layout_loops_ring, kennysheep_nondescript, nicolae_gozag_seed_capital,
          uniq_sigmund
D:3:      layout_loops_ring, lemuel_doored_altar, uniq_natasha
D:4:      layout_layer_cave, first_ration, uniq_menkaure

Skill      XL: |  1  2  3  4  5  6 |
---------------+-------------------+-----
Ice Magic      | 5 6 7 |  7.1
Spellcasting   | 4 5 6 |  6.7
Dodging        | 3 |  3.3
Stealth        | |  2.5

Action                   |  1- 3 |  4- 6 || total
-------------------------+-------+-------++-------
Melee: Dagger            |    12 |    14 ||    26
 Cast: Freeze            |    40 |    91 ||   131
       Frozen Ramparts   |       |     1 ||     1
  Use: Scroll            |       |     6 ||     6
 Stab: Sleeping          |     7 |     8 ||    15
  Eat: Chunk             |     1 |     7 ||     8
Armor: Robe              |     1 |     8 ||     9
Dodge: Dodged            |    32 |    78 ||   110
